 Dungeon Crawl Stone Soup version 0.31-a0-750-gfe7b580527 (webtiles) character file.

Game seed: 2464109703602710699

17 randomguy2701 the Trooper (level 2, 0/27 HPs)
             Began as a Hill Orc Fighter on Sept 14, 2023.
             Slain by a goblin
             ... wielding a +0 dagger
             ... led by Robin
              (1 damage)
             ... on level 2 of the Dungeon.
             The game lasted 00:00:27 (508 turns).

randomguy2701 the Trooper (Hill Orc Fighter)         Turns: 508, Time: 00:00:27

Health: 0/27       AC:  6    Str: 18    XL:     2   Next: 62%
Magic:  2/2        EV:  9    Int:  8    God:
Gold:   72         SH:  4    Dex: 10    Spells: 1/1 levels left

rFire   . . .        a - +0 war axe
rCold   . . .        c - +0 buckler
rNeg    . . .        b - +0 scale mail
rPois   .            (no helmet)
rElec   .            (no cloak)
rCorr   .            (no gloves)
SInv    .            (no boots)
Will    .....        (no amulet) Stlth
                     (no ring)
HPRegen 0.24/turn    (no ring)
MPRegen 0.08/turn

%: no passive effects
@: lethally poisoned (0 -> -21)
A: no striking features
a: no special abilities


You were on level 2 of the Dungeon.
You visited 1 branch of the dungeon, and saw 2 of its levels.

You collected 72 gold pieces.

Inventory:

Hand Weapons
 a - a +0 war axe (weapon)
Armour
 b - a +0 scale mail (worn)
 c - a +0 buckler (worn)
Scrolls
 h - a scroll of identify {unknown}
 j - a scroll of teleportation {unknown}
Potions
 d - 2 potions of might
 e - a potion of curing {unknown}
 f - a potion of haste {unknown}
 g - a potion of resistance {unknown}
 i - a potion of enlightenment {unknown}
 k - a potion of lignification {unknown}


   Skills:
 + Level 3.8 Fighting
 + Level 3.0 Axes
 + Level 3.6 Armour
 + Level 3.6 Shields


You had one spell level left.
You didn't know any spells.
Your spell library was empty.

Dungeon Overview and Level Annotations

Branches:
Dungeon (2/15)

Altars:

Annotations:
D:2 Robin


Message History

The goblin hits you but does no damage. The goblin completely misses you.
The kobold throws a stone.
The stone hits you but does no damage. The goblin barely misses you.
The goblin hits you but does no damage. Robin throws the goblin at you!
The goblin hits you with a +0 dagger.
You are too injured to fight recklessly!
Unknown command.
You are too injured to fight recklessly!
Unknown command.
You are too injured to fight recklessly!
Unknown command.
You barely miss the goblin. You closely miss the goblin. x5
The goblin hits you with a +0 club.
* * * LOW HITPOINT WARNING * * *
You block the goblin's attack. The goblin hits you but does no damage.
The goblin hits you with a +0 dagger.
* * * LOW HITPOINT WARNING * * *
The goblin hits you but does no damage. The goblin closely misses you.
You closely miss the goblin. x2; You hit the goblin.
You kill the goblin!
You hit the goblin. You completely miss the goblin. You miss the goblin.
The goblin closely misses you. x2; The goblin hits you but does no damage. x2
The goblin hits you with a +0 dagger.
* * * LOW HITPOINT WARNING * * *
Unknown command.
You hit Robin but do no damage. You slash the goblin!
You kill the goblin!
You hit the goblin. You closely miss the goblin. You hit the goblin.
You barely miss the goblin. You block Robin's attack.
The goblin barely misses you.
The kobold throws a stone.
The stone barely misses you.
The stone closely misses the goblin.
The goblin barely misses you.
The goblin hits you with a +0 dagger of venom.
* * * LOW HITPOINT WARNING * * *
You are lethally poisoned!
The goblin hits you with a +0 club.
* * * LOW HITPOINT WARNING * * *
Robin barely misses you.
The goblin hits you but does no damage. x2
You are more poisoned.
The goblin hits you with a +0 dagger.
You die...

#######
.......
.....#
###+#+##.?...
?..........
......)gg##
.(...K.@g.#
......)gg.#
..........#
..........#
............
.........####
.........#
.........#
###+##+###


You could see Robin, 4 goblins and a kobold.

Vanquished Creatures
  7 goblins
  A quokka (D:1)
  3 ball pythons (D:1)
  A bat (D:1)
  5 rats (D:1)
17 creatures vanquished.

Notes
Turn   | Place    | Note
-------+----------+-------------------------------------------
     0 | D:1      | randomguy2701 the Hill Orc Fighter began the quest for the
                  | Orb.
     0 | D:1      | Reached XP level 1. HP: 19/19 MP: 1/1
   214 | D:1      | Reached XP level 2. HP: 27/27 MP: 2/2
   501 | D:2      | Noticed Robin
   508 | D:2      | HP: 1/27 [goblin/+0 club[Robin] (2)]
   508 | D:2      | Slain by a goblin

Illustrated notes

Levels and vault maps discovered:
D:1:      wander_arrival_chamber, layout_rooms, serial_curves, eino_curves_02,
          eino_curves_03, minmay_fountain_box, kennysheep_minor_cross
D:2:      layout_basic, basic_altar, uniq_robin

Skill      XL: |  1  2 |
---------------+-------+-----
Axes           | 3 |  3.0
Fighting       | |  3.8
Armour         | |  3.6
Shields        | |  3.6

Action                     || total
---------------------------++-------
  Melee: War axe           ||    36
 Armour: Scale mail        ||    46
  Dodge: Dodged            ||    22
  Block: Buckler           ||    11

Table legend: (Time is in decaauts)
 A = Elapsed time spent in this place.
 B = Non-inter-level travel time spent in this place.
 C = Inter-level travel time spent in this place.
 D = Time resting spent in this place.
 E = Time spent auto-exploring this place.
 F = Levels seen in this place.
 G = Mean time per level.
                   A        B        C        D        E       F      G
               +--------+--------+--------+--------+--------+-----+--------+
         Total |    521 |    500 |     21 |      0 |    403 |   2 |  260.5 |
       Dungeon |    521 |    500 |     21 |      0 |    403 |   2 |  260.5 |
               +--------+--------+--------+--------+--------+-----+--------+

Top non-repeatable levels by time:
     D:1: 513 daAuts
     D:2: 8 daAuts
